 Dungeon Crawl Stone Soup version 0.23.2-30-g0e89c35649 (webtiles) character file.

Game seed: 8059876033375767602

450 troglodite the Ducker (level 6, -2/43 HPs)
             Began as a Draconian Transmuter on June 13, 2019.
             Was an Initiate of Hepliaklqana.
             Slain by an ogre
             ... wielding a +0 giant club
              (23 damage)
             ... on level 5 of the Dungeon.
             The game lasted 00:10:57 (4942 turns).

troglodite the Ducker (Draconian Transmuter)        Turns: 4942, Time: 00:10:58

Health: -2/43      AC:  7    Str: 16    XL:     6   Next: 74%
Magic:  10/10      EV: 12    Int: 16    God:    Hepliaklqana [......]
Gold:   155        SH:  5    Dex: 11    Spells: 5/11 levels left

rFire    + . .     SeeInvis .   e - +2 short sword (flame)
rCold    . . .     Gourm    .   s - +2 buckler
rNeg     . . .     Faith    .   (armour unavailable)
rPois    .         Spirit   .   (helmet restricted)
rElec    .         Reflect  .   p - scarf {repulsion}
rCorr    .         Harm     .   t - +0 pair of gloves
MR       .....                  (no boots)
Stlth    ++........             (no amulet)
HPRegen  0.14/turn              b - ring of protection from fire
MPRegen  0.12/turn              l - +4 ring of strength

@: repel missiles
A: unfitting armour, reduced essence, cold-blooded, AC +6
a: Recall Ancestor, Ancestor Identity, Renounce Religion


You were on level 5 of the Dungeon.
You worshipped Hepliaklqana.
Hepliaklqana was noncommittal.
You were hungry.

You visited 2 branches of the dungeon, and saw 6 of its levels.

You collected 155 gold pieces.

Inventory:

Hand Weapons
 e - a +2 short sword of flaming (weapon)
 w - a +2 scythe of protection
Missiles
 a - 12 arrows
Armour
 p - a scarf of repulsion (worn)
 s - a +2 buckler (worn)
 t - a +0 pair of gloves (worn)
Jewellery
 b - a ring of protection from fire (left hand)
 g - an uncursed ring of see invisible
 l - a +4 ring of strength (right hand)
Scrolls
 f - a scroll of immolation {unknown}
 h - 2 scrolls of remove curse {unknown}
 i - a scroll of magic mapping {unknown}
 j - a scroll of enchant armour {unknown}
 k - 3 scrolls of identify {unknown}
 m - a scroll of amnesia {unknown}
 n - a scroll of enchant weapon {unknown}
 r - a scroll of fear {unknown}
 v - a scroll of blinking {unknown}
 x - a scroll of fog {unknown}
Potions
 d - a potion of brilliance {unknown}
 o - a potion of haste {unknown}
 q - a potion of curing {unknown}
 u - a potion of heal wounds {unknown}
Comestibles
 c - 14 rations


   Skills:
 + Level 2.0 Fighting
 + Level 2.5 Short Blades
 * Level 3.6 Dodging
 + Level 1.1 Stealth
 * Level 0.4 Shields
 + Level 3.5 Unarmed Combat
 * Level 3.1 Spellcasting
 * Level 3.2 Transmutations
 * Level 1.7 Poison Magic


You had 5 spell levels left.
You knew the following spells:

 Your Spells              Type           Power        Failure   Level  Hunger
a - Beastly Appendage     Tmut           ##....       8%          1    None
b - Sticks to Snakes      Tmut           ##......     12%         2    ##.....
c - Spider Form           Tmut/Pois      ##........   30%         3    ###....

Your spell library contained the following spells:

 Spells                   Type           Power        Failure   Level  Hunger
 Ice Form                 Ice/Tmut       #.......     83%         4    ####...
 Blade Hands              Tmut           ##........   91%         5    ######.


Dungeon Overview and Level Annotations

Branches:
Dungeon (5/15)             Temple (1/1) D:5

Altars:
Ashenzari
Cheibriados
Elyvilon
Hepliaklqana
Makhleb
Nemelex Xobeh
Okawaru
Qazlal
Ru
Sif Muna
Uskayaw
Vehumet
Yredelemnul
The Shining One


Innate Abilities, Weirdness & Mutations

Your plain brown scales are hard. (AC +6)
You cannot fit into any form of body armour.
You are cold-blooded and may be slowed by cold attacks.
Your life essence is reduced to manifest your ancestor. (-10% HP)


Message History

You barely miss the ogre. The ogre hits you with a +0 giant club!
You hit the ogre. You burn the ogre.
The ogre is moderately wounded.
The ogre barely misses you.
You barely miss the ogre.
The ogre is moderately wounded.
The ogre barely misses you.
You hit the ogre. You burn the ogre.
The ogre is heavily wounded.
You hit the ogre but do no damage.
The ogre is heavily wounded.
The ogre barely misses you.
You hit the ogre. You burn the ogre.
The ogre is severely wounded.
The ogre hits you with a +0 giant club!
You hit the ogre. You burn the ogre.
The ogre is almost dead.
The ogre hits you with a +0 giant club!!
Ouch! That really hurt!
You die...

......####.# #.## ......#
#O# #.#. ......# #.# ...
......####.####### #.
......#..........# #.
......#..#.##.##.# .# ##
.######..#.##.##.# #.#
#..#.##.##O# #.# #
#..#....##@# #.# ##
#..###..##.# #.### ##.
#..........# #.#.## ##..
####....#########....####...
+.......................'...
####...##########....####...
##..# #.#.## ##.. ##.# #.###
##. #.# #.# ##


You could see an ogre.

Vanquished Creatures
  A wyvern skeleton (D:3)
  A crimson imp (D:5)
  2 centaur skeletons
  An orc wizard (D:4)
  3 worker ants
  12 adders
  A shadow imp (D:5)
  2 oozes
  2 worms
  2 dart slugs (D:3)
  3 leopard geckos
  4 orcs
  3 bats
  4 giant cockroaches
  12 goblins
  6 hobgoblins
  A quokka (D:3)
  2 ball pythons (D:1)
  6 frilled lizards
  12 kobolds
  4 rats
84 creatures vanquished.

Vanquished Creatures (others)
  An ancestor (D:5)
1 creature vanquished.

Grand Total: 85 creatures vanquished

Notes
Turn   | Place    | Note
-------+----------+-------------------------------------------
     0 | D:1      | troglodite the Draconian Transmuter began the quest for the
                  | Orb.
     0 | D:1      | Reached XP level 1. HP: 16/16 MP: 3/3
   254 | D:1      | Reached XP level 2. HP: 23/23 MP: 3/5
  1020 | D:1      | Reached XP level 3. HP: 26/28 MP: 6/6
  1027 | D:1      | Learned a level 2 spell: Sticks to Snakes
  1031 | D:1      | Learned a level 3 spell: Spider Form
  1604 | D:2      | Reached XP level 4. HP: 35/35 MP: 7/7
  2334 | D:3      | Reached skill level 1 in Short Blades
  2334 | D:3      | Reached skill level 1 in Poison Magic
  2334 | D:3      | Reached XP level 5. HP: 5/40 MP: 9/9
  2686 | D:3      | Found a faded altar of an unknown god.
  3558 | D:4      | Reached XP level 6. HP: 32/48 MP: 10/10
  3731 | D:4      | Found a snail-covered altar of Cheibriados.
  3796 | D:4      | Reached skill level 1 in Stealth
  3940 | D:4      | Found a sparkling altar of Nemelex Xobeh.
  4255 | D:5      | Entered Level 5 of the Dungeon
  4637 | D:5      | Found a staircase to the Ecumenical Temple.
  4719 | Temple   | Entered the Ecumenical Temple
  4846 | Temple   | Became a worshipper of Hepliaklqana the Forgotten
  4942 | D:5      | Slain by an ogre

Skill      XL: |  1  2  3  4  5  6 |
---------------+-------------------+-----
Dodging        | 2 3 |  3.6
Short Blades   | 1 2 |  2.5
Poison Magic   | 1 |  1.7
Spellcasting   | 3 |  3.1
Stealth        | 1 |  1.1
Transmutations | 3 |  3.2
Fighting       | 2 |  2.0
Shields        | |  0.4
Unarmed Combat | |  3.5

Action                   |  1- 3 |  4- 6 || total
-------------------------+-------+-------++-------
Melee: Unarmed           |    46 |       ||    46
       Tailslap          |     5 |    23 ||    28
       Kick              |     2 |       ||     2
       Headbutt          |     1 |     7 ||     8
       Short sword       |    65 |   204 ||   269
       Punch             |     2 |     1 ||     3
 Cast: Beastly Appendage |     5 |     2 ||     7
 Stab: Sleeping          |     1 |     1 ||     2
  Eat: Chunk             |     2 |    10 ||    12
Armor: Skin              |    38 |    55 ||    93
Dodge: Dodged            |    89 |   133 ||   222
Block: Buckler           |       |    14 ||    14
